 Dungeon Crawl Stone Soup version 0.19-a0 (webtiles) character file.

65 wvc the Cutter (level 4, -1/26 HPs)
             Began as a Kobold Assassin on Apr 27, 2016.
             Was a Follower of the Shining One.
             Slain by a hobgoblin
             ... wielding a +0 club
             ... led by Robin
              (3 damage)
             ... on level 3 of the Dungeon.
             The game lasted 00:04:32 (2217 turns).

wvc the Cutter (Kobold Assassin)                    Turns: 2217, Time: 00:04:32

Health: -1/26      AC:  5    Str:  8 (9)  XL:     4   Next: 34%
Magic:  4/4        EV: 14    Int:  6 (9)  God:    the Shining One [*.....]
Gold:   54         SH:  0    Dex: 17 (18) Spells: 0 memorised, 3 levels left

rFire  . . .     SeeInvis .     a - +2 dagger
rCold  . . .     Gourm    .     c - +0 robe
rNeg   . . .     Faith    .     (shield restricted)
rPois  .         Spirit   .     (no helmet)
rElec  .         Dismiss  +     p - +2 cloak
rCorr  .         Reflect  .     (no gloves)
SustAt .         Harm     .     (no boots)
MR     .....                    i - amulet of dismissal
Stlth  ++........               (no ring)
                                (no ring)

@: glowing, not resistant to hostile enchantments, unstealthy
A: carnivore 3
a: Renounce Religion


You were on level 3 of the Dungeon.
You worshipped the Shining One.
The Shining One was aware of your devotion.
You were very full.

You visited 1 branch of the dungeon, and saw 3 of its levels.

You collected 54 gold pieces.

Inventory:

Hand Weapons
 a - a +2 dagger (weapon)
 e - a +1 blowgun
Missiles
 f - 2 curare-tipped needles
 o - 7 poisoned needles
Armour
 c - a +0 robe (worn)
 p - a +2 cloak (worn)
Jewellery
 i - an amulet of dismissal (around neck)
 l - an uncursed amulet of guardian spirit
 n - an uncursed amulet of magic regeneration
Scrolls
 h - a scroll of identify
 j - a scroll of enchant weapon
 k - 2 scrolls of remove curse
Comestibles
 g - a meat ration
 m - a slice of pizza


   Skills:
 - Level 2.1 Fighting
 + Level 5.7 Short Blades
 - Level 2.1 Throwing
 - Level 1.2 Dodging
 - Level 5.3 Stealth


You had 3 spell levels left.
You didn't know any spells.

Dungeon Overview and Level Annotations

Branches:
Dungeon (3/15)

Altars:
Kikubaaqudgha
The Shining One

Annotations:
D:3 Robin


Innate Abilities, Weirdness & Mutations

You are small and have problems with some larger weapons.
You are carnivorous and can eat meat at any time.


Message History

Your amulet of dismissal vibrates suddenly!
The hobgoblin disappears!
You are too injured to fight recklessly!
You are too injured to fight recklessly!
Drink which item? (? for menu, Esc to quit)
It was a potion of degeneration.
There was something very wrong with that liquid.
You feel weakened.
You feel dopey.
You feel clumsy.
Robin roars a battlecry!
Robin hits you with a mace.
* * * LOW HITPOINT WARNING * * *
The goblin hits you but does no damage.
Read which item? (? for menu, Esc to quit)
Okay, then.
You closely miss the goblin. Robin barely misses you.
You hit the goblin.
You kill the goblin!
The goblin no longer looks unusually strong.
The hobgoblin hits you with a club.
You die...

## .# .# .# .###### .
......################..
...............)@g..#>..
#####.###########g####..
#.# g# . #.# .# #####.#
# .. ......#.###. .#
#######..... .#
#........... .#
.[..........


You could see Robin, a hobgoblin and a goblin.

Vanquished Creatures
  An adder (D:2)
  3 worms (D:2)
  A dart slug (D:2)
  3 giant cockroaches
  10 goblins
  8 hobgoblins
  A quokka (D:2)
  2 bats
  A giant newt (D:1)
  6 kobolds
  5 rats
41 creatures vanquished.

Notes
Turn   | Place    | Note
--------------------------------------------------------------
     0 | D:1      | wvc the Kobold Assassin began the quest for the Orb.
     0 | D:1      | Reached XP level 1. HP: 12/12 MP: 1/1
   227 | D:1      | Reached XP level 2. HP: 17/17 MP: 2/2
   679 | D:2      | Reached XP level 3. HP: 11/21 MP: 3/3
  1322 | D:2      | Found an ancient bone altar of Kikubaaqudgha.
  1354 | D:2      | Reached skill level 5 in Short Blades
  1391 | D:2      | Found a faded altar to an unknown god.
  1420 | D:2      | Reached XP level 4. HP: 11/26 MP: 4/4
  1776 | D:2      | Became a worshipper of the Shining One
  1776 | D:2      | Reached * piety under the Shining One
  1777 | D:2      | Karasique: лел
  1827 | D:2      | wvc: прощай трубочка
  1834 | D:2      | Karasique: а бросить его не?
  1942 | D:2      | Karasique: и потом перекатиться к нейтралу
  1958 | D:3      | wvc: к зине разве что
  1958 | D:3      | wvc: вариант, кстати
  1961 | D:2      | Karasique: коковару можно
  1961 | D:2      | wvc: разве?
  1961 | D:2      | Karasique: дитменос кстати разве тоже злой
  1961 | D:2      | Karasique: да
  1961 | D:2      | Karasique: нельзя только ко злым
  2194 | D:3      | Noticed Robin
  2217 | D:3      | Slain by a hobgoblin

Vault maps used:
D:1:      lightli_arrival_statuegarden, minmay_misc_feat_tiny,
          minmay_misc_feat_more_columns, st_stairs_11,
          minmay_misc_feat_four_crosses
D:2:      marbit_many_paths, ecumenical_altar_1
D:3:      nicolae_overflow_hidden_temple, yredelemnul_altar_generic,
          first_bread, minmay_goblin_outpost, uniq_natasha, uniq_robin,
          uniq_iyjb

Skill      XL: |  1  2  3 |
---------------+----------+-----
Short Blades   | 3 4 5 |  5.7
Fighting       | |  2.1
Throwing       | |  2.1
Dodging        | |  1.2
Stealth        | |  5.3

Action                   |  1- 3 |  4- 6 || total
-------------------------+-------+-------++-------
Melee: Dagger            |    91 |    38 ||   129
 Fire: Blowgun           |     6 |     5 ||    11
  Use: Scroll            |     2 |       ||     2
       Potion            |       |     1 ||     1
 Stab: Sleeping          |     9 |       ||     9
  Eat: Chunk             |     7 |     4 ||    11
Armor: Robe              |     5 |     7 ||    12
Dodge: Dodged            |    41 |    17 ||    58
